 Dungeon Crawl Stone Soup version 0.29.1-1-gd02db6906a (webtiles) character file.

Game seed: 7162830388689025566

1316 Aibolit the Chopper (level 8, -14/73 HPs)
             Began as a Hill Orc Fighter on Oct 7, 2022.
             Was an Initiate of Trog.
             Killed from afar by an oklob plant (22 damage)
             ... with a splash of acid
             ... created by the enmity of Fedhas Madash
             ... on level 6 of the Dungeon.
             The game lasted 00:13:01 (4872 turns).

Aibolit the Chopper (Hill Orc Fighter)              Turns: 4872, Time: 00:13:02

Health: -14/73     AC:  0    Str: 21    XL:     8   Next: 59%
Magic:  8/8        EV:  7    Int:  8    God:    Trog [......]
Gold:   302        SH:  5    Dex: 10    Spells: 5/7 levels left

rFire   + + .      SeeInvis .   a - +0 war axe
rCold   x . .      Faith    .   c - +0 buckler
rNeg    . . .      Spirit   .   u - +2 chain mail {rF+}
rPois   +          Reflect  .   (no helmet)
rElec   .          Harm     .   (no cloak)
rCorr   .          Rampage  .   (no gloves)
Will    .....                   (no boots)
Stlth   ..........              r - amulet of regeneration
HPRegen 1.02/turn               m - ring of poison resistance
MPRegen 0.11/turn               j - ring of fire

@: corroded
A: no striking features
a: Renounce Religion


You were on level 6 of the Dungeon.
You worshipped Trog.
Trog was noncommittal.
You visited 2 branches of the dungeon, and saw 7 of its levels.

You collected 458 gold pieces.
You spent 156 gold pieces at shops.

Inventory:

Hand Weapons
 a - a +0 war axe (weapon)
Armour
 c - a +0 buckler (worn)
 u - a +2 chain mail of fire resistance (worn)
Jewellery
 j - a ring of fire (right hand)
 m - a ring of poison resistance (left hand)
 r - an amulet of regeneration (around neck)
Wands
 q - a wand of roots (7)
 t - a wand of flame (17)
Scrolls
 e - 3 scrolls of identify
 h - 2 scrolls of fear
 i - 2 scrolls of torment
 l - 2 scrolls of noise
 n - a scroll of teleportation
Potions
 b - a potion of heal wounds {unknown}
 d - a potion of magic {unknown}
 f - 2 potions of degeneration
 g - a potion of ambrosia {unknown}
 k - a potion of lignification
 o - 4 potions of flight {unknown}
 p - 4 potions of curing
 s - a potion of berserk rage {unknown}


   Skills:
 + Level 7.1 Fighting
 + Level 7.1 Axes
 + Level 6.4 Armour
 + Level 6.4 Shields


You had 5 spell levels left.
You knew the following spells:

 Your Spells              Type           Power      Damage    Failure   Level
a - Blink                 Tloc           0%         N/A       100%        2

Your spell library contained the following spells:

 Spells                   Type           Power      Damage    Failure   Level
 Dazzling Flash           Conj/Hex       0%         N/A       100%        3
 Lesser Beckoning         Tloc           0%         N/A       100%        3
 Agony                    Necr           0%         N/A       100%        5
 Manifold Assault         Tloc           0%         N/A       100%        5
 Silence                  Hex/Air        0%         N/A       100%        5


Dungeon Overview and Level Annotations

Branches:
Dungeon (6/15)             Temple (1/1) D:5

Altars:
Ashenzari
Cheibriados
Dithmenos
Fedhas
Gozag
Hepliaklqana
Kikubaaqudgha
Okawaru
Qazlal
Ru
Sif Muna
Trog
Uskayaw
Xom
Yredelemnul
Zin
The Shining One

Shops:
D:3 =!   D:5 =

Annotations:
D:6 exclusion: oklob plant


Message History

No target in view!
Found an escape hatch in the floor.
There is an escape hatch in the floor here.
There is an escape hatch in the floor here.
Plants grow around you in an ominous manner.
Marking area around an oklob plant as unsafe for travelling.
An oklob plant comes into view.
You slash the oklob plant!
The oklob plant is lightly damaged.
You slash the oklob plant!
The oklob plant is heavily damaged.
The oklob plant spits acid at you. The splash of acid hits you!
The acid corrodes you!
You hit the oklob plant.
The oklob plant is heavily damaged.
You hit the oklob plant but do no damage.
The oklob plant is heavily damaged.
You slash the oklob plant!
The oklob plant is severely damaged.
The oklob plant spits acid at you. The splash of acid hits you!!
The acid corrodes you!
You hit the oklob plant.
The oklob plant is severely damaged.
The oklob plant spits acid at you. You block the splash of acid.
You hit the oklob plant.
The oklob plant is severely damaged.
You hit the oklob plant but do no damage.
The oklob plant is severely damaged.
You hit the oklob plant but do no damage.
The oklob plant is severely damaged.
The oklob plant spits acid at you. The splash of acid hits you!!
* * * LOW HITPOINT WARNING * * *
The acid corrodes you!
You hit the oklob plant but do no damage.
The oklob plant is severely damaged.
The oklob plant spits acid at you. The splash of acid hits you!!
You die...

.# ......... .# ........#
.##............#
............f..#
...............#
.................# ###
..........###....# #.##
#....#...⌠.###...# ##..#
#....#..........@# #...##
#......⌠...⌠....P## ######....#
.........†....###.###.....>...#
.....#...<...###...#......#####
#............###..........#
...###.⌠...⌠........##.#..##
#...#.........#.#..##..##..#
.........⌠.######.........###
..#.##.##.#######.........#.#


You could see an oklob plant and a wandering mushroom.

Vanquished Creatures
  Eustachio (D:5)
  A water moccasin (D:6)
  An ice beast (D:6)
  2 ogres (D:5)
  2 centaurs
  A bullfrog (D:6)
  4 scorpions
  A jelly (D:6)
  3 hounds (D:5)
  Ijyb (D:5)
  Terence (D:2)
  An iguana (D:5)
  6 adders
  A white imp (D:3)
  A worm (D:3)
  A dart slug (D:2)
  8 orcs
  3 ball pythons
  6 bats
  4 endoplasms
  5 giant cockroaches
  9 goblins
  7 hobgoblins
  10 jackals
  4 kobolds
  A quokka (D:3)
  4 frilled lizards
  8 rats
97 creatures vanquished.

Vanquished Creatures (others)
  A fungus (D:3)
  A plant (D:3)
  4 toadstools (D:6)
6 creatures vanquished.

Grand Total: 103 creatures vanquished

Notes
Turn   | Place    | Note
-------+----------+-------------------------------------------
     0 | D:1      | Aibolit the Hill Orc Fighter began the quest for the Orb.
     0 | D:1      | Reached XP level 1. HP: 19/19 MP: 1/1
   201 | D:1      | Reached XP level 2. HP: 27/27 MP: 2/2
   546 | D:1      | Reached XP level 3. HP: 31/33 MP: 3/3
   758 | D:1      | Found a faded altar of an unknown god.
  1247 | D:2      | Reached XP level 4. HP: 38/40 MP: 4/4
  1401 | D:2      | Noticed Terence
  1410 | D:2      | Killed Terence
  1909 | D:3      | Found a blossoming altar of Fedhas.
  1913 | D:3      | Found a stormy altar of Qazlal.
  1921 | D:3      | Became a worshipper of Fedhas Madash
  2058 | D:3      | Reached XP level 5. HP: 47/47 MP: 5/5
  2334 | D:3      | Found a sacrificial altar of Ru.
  2373 | D:3      | Found Koss's Jewellery Shoppe.
  2445 | D:3      | Found Kynlol's Distillery.
  2463 | D:3      | Bought a potion of curing for 39 gold pieces
  2463 | D:3      | Bought a potion of curing for 39 gold pieces
  2463 | D:3      | Bought a potion of curing for 39 gold pieces
  2463 | D:3      | Bought a potion of curing for 39 gold pieces
  3003 | D:3      | Learned a level 2 spell: Blink
  3065 | D:4      | Reached * piety under Fedhas
  3094 | D:4      | Found an iron altar of Okawaru.
  3178 | D:4      | You fall into a shaft and drop 2 floors!
  3223 | D:6      | Noticed an ice beast
  3230 | D:6      | Killed an ice beast
  3231 | D:6      | Reached skill level 5 in Fighting
  3231 | D:6      | Reached XP level 6. HP: 56/56 MP: 6/6
  3269 | D:6      | Reached skill level 5 in Axes
  3309 | D:6      | Reached skill level 5 in Armour
  3309 | D:6      | Reached skill level 5 in Shields
  3562 | D:5      | Entered Level 5 of the Dungeon
  3567 | D:5      | Found a shimmering blue altar of Sif Muna.
  3570 | D:5      | Found Tytu's Jewellery Boutique.
  3618 | D:5      | Reached XP level 7. HP: 58/61 MP: 7/7
  3623 | D:5      | Noticed Ijyb
  3634 | D:5      | Killed Ijyb
  3653 | D:5      | Noticed Eustachio
  3671 | D:5      | Killed Eustachio
  3738 | D:5      | Reached XP level 8. HP: 70/71 MP: 8/8
  4133 | D:5      | Found a staircase to the Ecumenical Temple.
  4473 | Temple   | Entered the Ecumenical Temple
  4616 | Temple   | Fell from the grace of Fedhas
  4616 | Temple   | Became a worshipper of Trog the Wrathful
  4861 | D:6      | Noticed a wandering mushroom
  4861 | D:6      | Noticed an oklob plant
  4872 | D:6      | Killed from afar by an oklob plant

Illustrated notes

Levels and vault maps discovered:
D:1:      saegor_arrival_simple_b, layout_basic,
          shapermc_ecumenical_altar_mp_highgroup
D:2:      layout_rooms, dk_noncrumbling_3, uniq_terence
D:3:      layout_loops_corners, nicolae_ru_path_of_blood,
          grunt_temple_overflow_forces_of_nature, serial_shops, shop_fountains,
          nicolae_shop_waterfront
D:4:      layout_loops_ring, old_standard_altar,
          mainiacjoe_overflow_surrounded_room, serial_shops, shop,
          hangedman_feature_mirror, st_stairs_3, hangedman_decor_peaks_small,
          nicolae_shop_fire_sale [nicolae_sub_dead_trees]
D:5:      layout_loops_cross, nicolae_overflow_crystal_walls,
          minmay_temple_entry_poolview, serial_shops, shop,
          hangedman_abyss_or_decor_lesser_grid, uniq_eustachio, uniq_ijyb
D:6:      black_bear_nest_2, layout_cave_pools, grunt_ministairs_2,
          minmay_gold_behind_fungi, kennysheep_generic_room_10
Temple:   nicolae_temple_figure_eight

Skill      XL: |  1  2  3  4  5  6  7  8 |
---------------+-------------------------+-----
Axes           | 3 4 5 6 7 |  7.1
Fighting       | 4 5 6 7 |  7.1
Armour         | 4 5 6 |  6.4
Shields        | 4 5 6 |  6.4

Action                   |  1- 3 |  4- 6 |  7- 9 || total
-------------------------+-------+-------+-------++-------
Melee: War axe           |    87 |   136 |    91 ||   314
  Use: Scroll            |     4 |     3 |       ||     7
       Potion            |       |     2 |     2 ||     4
Armor: Scale mail        |    53 |    70 |     1 ||   124
       Chain mail        |       |       |    58 ||    58
Dodge: Dodged            |    46 |    69 |    51 ||   166
Block: Buckler           |    21 |    33 |    30 ||    84
